Map: Prion Terraces

Players

UltraMarine - Winner!

  • Race: Terran Terran
  • League: Diamond

ILLBdA

  • Race: Protoss Protoss
  • League: Diamond

VOD

Have the link to the VOD?

Description

Time

  • Played on: Dec. 17, 2015, 2:44 a.m.
  • Length: 6:50
Show
View Real Time Build Order
Export as new Build Order

UltraMarine Terran - Winner!

Build Orders: 1/1/1 

Get SALT Encoding   

  12  0:01  SCV  
  13  0:13  SCV  
  14  0:17  Supply Depot  
  14  0:25  SCV  
  15  0:39  SCV  
  15  0:41  Barracks  
  16  0:45  Refinery  
  16  0:51  SCV  
  16  0:55  Refinery  
  17  1:03  SCV  
  18  1:15  SCV  
  19  1:24  Supply Depot  
  19  1:28  Orbital Command  
  19  1:29  Barracks Reactor  
  19  1:44  Factory  
  19  1:53  SCV  
  20  2:05  Marine x2  
  20  2:06  SCV  
  23  2:12  Supply Depot  
  23  2:18  SCV  
  24  2:23  Marine x2  
  24  2:28  Starport  
  24  2:29  Factory Tech Lab  
  26  2:36  SCV  
  27  2:41  Marine x2  
  29  2:55  Bunker  
  29  2:58  Marine  
  29  2:59  Siege Tank, Marine  
  34  3:07  Starport Tech Lab  
  34  3:22  Marine x2  
  34  3:32  Siege Tank  
  36  3:35  Banshee  
  39  3:42  SCV  
  39  3:44  Marine  
  39  3:50  Supply Depot  
  39  3:51  Marine  
  40  3:55  Supply Depot  
  40  4:04  SCV  
  40  4:05  Marine  
  40  4:09  Marine  
  43  4:23  Marine  
  44  4:26  Marine  
  44  4:29  Banshee  
  45  4:41  Marine  
  45  4:44  Marine  
  37  4:58  SCV  
  37  4:59  Marine  
  39  5:02  Marine  
  39  5:11  Siege Tank  
  42  5:17  Marine  
  42  5:20  Marine  
  44  5:26  Banshee  
  47  5:34  Marine  
  48  5:38  Marine  
  48  5:50  Bunker  
  48  5:52  Marine  
  48  5:55  Marine  
  50  6:01  Siege Tank  
  50  6:04  SCV  
  54  6:10  Marine  
  58  6:13  Marine  
  59  6:28  Marine  
  59  6:31  Marine  
Show
View Real Time Build Order
Export as new Build Order

ILLBdA Protoss 

Build Orders:  

Get SALT Encoding   

  12  0:01  Probe (Chrono Boost)  
  13  0:11  Probe (Chrono Boost)  
  14  0:19  Pylon  
  14  0:22  Probe (Chrono Boost)  
  15  0:37  Probe (Chrono Boost)  
  15  0:38  Gateway  
  16  0:44  Assimilator  
  16  0:48  Probe (Chrono Boost)  
  17  0:56  Pylon  
  17  0:58  Probe (Chrono Boost)  
  18  1:09  Probe (Chrono Boost)  
  19  1:17  Assimilator  
  19  1:19  Probe (Chrono Boost)  
  20  1:27  Cybernetics Core  
  20  1:30  Probe (Chrono Boost)  
  21  1:40  Probe (Chrono Boost), Pylon  
  22  1:51  Probe (Chrono Boost)  
  23  2:03  Mothership Core (Chrono Boost)  
  23  2:04  Adept (Chrono Boost)  
  27  2:09  Robotics Facility  
  27  2:17  Gateway  
  27  2:23  Warp Gate  
  27  2:30  Adept (Chrono Boost)  
  29  2:38  Gateway  
  29  2:55  Adept (Chrono Boost)  
  29  2:57  Pylon  
  31  3:00  Pylon  
  31  3:04  Pylon  
  31  3:11  Adept (Chrono Boost)  
  30  3:24  Immortal (Chrono Boost)  
  34  3:52  Pylon  
  34  3:58  Warp Prism (Chrono Boost)  
  36  4:08  Pylon  
  36  4:27  Adept  
  36  4:28  Adept x2  
  40  4:40  Observer (Chrono Boost)  
  35  4:48  Stalker x2  
  35  4:49  Stalker  
  33  4:54  Stalker x3  
  40  5:04  Immortal (Chrono Boost)  
  43  5:17  Stalker x3  
  43  5:38  Immortal (Chrono Boost)  
  47  5:42  Stalker  
  47  5:47  Sentry x2  
  53  5:53  Pylon  
  53  6:15  Adept  
  53  6:16  Adept  
  57  6:19  Observer (Chrono Boost)  
  56  6:39  Adept  
  46  6:40  Adept x2  
Tags
 
Matchup
PvT
Opening
1/1/1
Replay Pack
me
Add a new tag
Caveats
  • Supply blocks, unpowered buildings, or Contaminate may cause inaccurate times.
  • Supply counts are checked every 10 seconds.